Map: Deathaura LE

Players

Lambo - Winner!

  • Race: Zerg Zerg
  • League: Grandmaster
  • Spawn Location: 11:00

SantaClaus

  • Race: Terran Terran
  • Spawn Location: 5:00

VOD

Have the link to the VOD?

Description

Time

  • Played on: July 8, 2020, 1:10 p.m.
  • Length: 7:43
Show
View Real Time Build Order
Export as new Build Order

Lambo Zerg - Winner!

Build Orders: Hatch First, Muta Ling Bane 

Get SALT Encoding   

  12  0:00  Drone  
  13  0:12  Overlord  
  13  0:17  Drone  
  14  0:31  Drone x2  
  16  0:47  Hatchery  
  15  0:51  Drone  
  15  0:55  Drone  
  17  0:58  Drone  
  18  1:09  Extractor  
  17  1:13  Spawning Pool  
  17  1:16  Drone  
  17  1:19  Drone  
  18  1:28  Drone  
  19  1:39  Drone  
  20  1:50  Overlord  
  20  1:59  Queen x2  
  20  2:00  Zergling x4  
  26  2:11  Drone x2  
  26  2:12  Metabolic Boost  
  28  2:21  Drone x2  
  30  2:37  Hatchery  
  30  2:38  Drone  
  30  2:42  Drone  
  31  2:46  Drone  
  31  2:47  Overlord  
  32  2:53  Queen  
  32  2:56  Drone  
  35  2:58  Drone  
  36  3:06  Drone x2  
  36  3:10  Queen  
  40  3:14  Overlord  
  40  3:18  Drone x2  
  42  3:20  Drone  
  42  3:22  Drone  
  44  3:36  Drone x2  
  44  3:37  Drone  
  44  3:39  Queen  
  49  3:42  Zergling x4  
  49  3:43  Zergling x2  
  52  3:49  Lair  
  52  3:52  Overlord  
  52  3:53  Queen, Extractor  
  53  3:57  Zergling x4  
  53  4:01  Overlord  
  55  4:06  Drone x2  
  57  4:10  Drone x3  
  57  4:13  Drone  
  57  4:14  Drone  
  62  4:19  Zergling x2  
  62  4:23  Drone x5  
  68  4:26  Overlord  
  68  4:31  Extractor  
  67  4:32  Extractor  
  67  4:34  Drone x2  
  67  4:35  Drone x2  
  67  4:37  Spore Crawler, Drone  
  70  4:42  Baneling Nest  
  70  4:45  Spore Crawler, Drone  
  70  4:47  Drone x2  
  71  4:54  Drone x2  
  71  4:55  Drone  
  71  4:56  Drone x2  
  71  4:58  Overseer  
  76  5:01  Drone x2  
  76  5:02  Spire  
  76  5:03  Drone  
  76  5:06  Spore Crawler  
  76  5:07  Drone  
  78  5:08  Drone  
  78  5:09  Drone  
  78  5:11  Drone  
  81  5:14  Drone  
  81  5:17  Overlord  
  82  5:24  Overlord  
  82  5:27  Extractor  
  81  5:28  Extractor  
  81  5:29  Drone x2  
  81  5:30  Overlord  
  82  5:41  Drone  
  82  5:42  Hatchery, Drone x3  
  85  5:43  Drone x2  
  85  5:44  Drone  
  85  5:45  Drone  
  85  5:46  Drone  
  85  5:47  Overlord  
  90  5:53  Zergling x2  
  90  5:54  Zergling x4  
  93  5:58  Queen  
  93  6:00  Evolution Chamber  
  93  6:01  Centrifical Hooks, Evolution Chamber  
  93  6:09  Overlord  
  93  6:12  Overlord  
  93  6:14  Overlord  
  93  6:18  Mutalisk x7  
  107  6:28  Mutalisk x2  
  107  6:30  Zergling x8  
  115  6:40  Zergling x16  
  123  6:48  Overlord  
  123  6:51  Overlord  
  123  6:55  Baneling x5  
  123  6:57  Zergling x6  
  123  6:58  Baneling x2  
  123  7:01  Overlord  
  126  7:04  Overlord  
  126  7:08  Overlord  
  126  7:11  Zergling x2  
  126  7:12  Zergling x18  
  135  7:19  Zergling x4  
  137  7:23  Baneling x11  
Show
View Real Time Build Order
Export as new Build Order

SantaClaus Terran 

Build Orders: Reaper Expand, Banshee Rush 

Get SALT Encoding   

  12  0:01  SCV  
  13  0:13  SCV  
  14  0:17  Supply Depot  
  14  0:25  SCV  
  15  0:39  SCV  
  15  0:41  Barracks  
  16  0:44  Refinery  
  16  0:51  SCV  
  17  1:03  SCV  
  18  1:15  SCV  
  19  1:28  Reaper  
  19  1:29  Orbital Command  
  20  1:40  Command Center  
  20  1:49  Supply Depot  
  20  1:55  SCV  
  20  1:59  Marine  
  22  2:07  SCV  
  23  2:10  Factory  
  23  2:17  Refinery  
  23  2:20  SCV  
  23  2:22  Barracks Reactor  
  24  2:32  SCV  
  25  2:44  SCV  
  26  2:51  Orbital Command  
  26  2:56  Starport  
  26  2:57  SCV  
  27  3:03  Hellion x2  
  31  3:09  SCV  
  32  3:13  Barracks Tech Lab  
  32  3:17  SCV  
  33  3:22  SCV  
  33  3:25  Hellion x2  
  38  3:29  SCV, Supply Depot  
  38  3:34  SCV  
  40  3:41  SCV  
  41  3:43  Cloaking Field, Banshee  
  41  3:45  Marine  
  41  3:46  SCV  
  46  3:53  SCV  
  47  3:58  SCV  
  47  4:02  Command Center  
  48  4:05  SCV  
  49  4:10  SCV  
  49  4:11  Barracks Tech Lab, Supply Depot  
  48  4:17  SCV  
  48  4:22  SCV  
  50  4:25  Banshee  
  50  4:29  SCV  
  54  4:31  Barracks  
  54  4:34  SCV  
  54  4:35  Stimpack  
  54  4:36  Factory Reactor  
  54  4:37  Marine  
  56  4:39  Barracks  
  56  4:41  SCV  
  56  4:44  Engineering Bay  
  57  4:46  Engineering Bay, SCV  
  58  4:53  SCV  
  58  4:56  Supply Depot  
  58  4:57  Marine  
  58  4:58  SCV  
  61  5:06  SCV  
  62  5:13  SCV  
  63  5:17  Orbital Command, Starport Reactor  
  63  5:18  Terran Infantry Weapons Level 1, SCV, Terran Infantry Armor Level 1  
  63  5:21  Refinery, Marine x2  
  65  5:22  Refinery  
  65  5:25  SCV  
  65  5:26  Supply Depot  
  65  5:27  Marine  
  68  5:30  SCV  
  69  5:37  SCV, Marine x2  
  69  5:38  Siege Tank  
  69  5:39  Marine x2  
  69  5:42  SCV  
  78  5:44  Orbital Command  
  78  5:46  Marine  
  80  5:50  SCV  
  80  5:53  Barracks  
  80  5:54  Barracks, SCV  
  80  5:55  Marine  
  79  5:57  Marine  
  79  5:59  Marine x2  
  79  6:03  Marine  
  83  6:06  SCV, Supply Depot x2  
  83  6:11  Medivac, Siege Tank, SCV  
  86  6:13  Marine  
  86  6:14  Combat Shield  
  86  6:15  Marine  
  86  6:17  Marine x2  
  89  6:20  SCV x2  
  89  6:22  Medivac  
  93  6:27  Marine  
  93  6:28  SCV  
  93  6:30  Marine  
  93  6:32  SCV, Marine, Supply Depot x2  
  97  6:34  Marine x2  
  97  6:36  SCV  
  97  6:39  Armory  
  101  6:42  Barracks Reactor, SCV  
  101  6:44  Barracks Reactor  
  101  6:45  Marine  
  103  6:47  SCV  
  103  6:48  SCV, Marine  
  103  6:53  Marine x2  
  108  6:56  Marine  
  108  7:00  Medivac, Siege Tank  
  114  7:03  Marine  
  114  7:04  Barracks  
  114  7:05  Barracks, Supply Depot  
  114  7:06  Marine  
  114  7:07  Supply Depot x2  
  116  7:11  Barracks, Marine  
  115  7:15  Missile Turret  
  115  7:19  Marine x2  
  111  7:23  Marine x3  
  111  7:24  Missile Turret  
Tags
 
Add a new tag
Caveats
  • Supply blocks, unpowered buildings, or Contaminate may cause inaccurate times.
  • Supply counts are checked every 10 seconds.